 Dungeon Crawl Stone Soup version 0.29.0-7-g18a832c13a (webtiles) character file.

Game seed: 866126173005056539

5694 gelatine the Demolition Demonspawn (level 10, -1/68 HPs)
             Began as a Demonspawn Venom Mage on Aug 30, 2022.
             Was an Elder of Makhleb.
             Slain by a two-headed ogre
             ... wielding a +0 giant club
              (24 damage)
             ... on level 9 of the Dungeon.
             The game lasted 00:31:59 (9973 turns).

gelatine the Demolition Demonspawn (DsVM)           Turns: 9973, Time: 00:31:59

Health: -1/68      AC:  6    Str:  8    XL:     10   Next: 47%
Magic:  17/20      EV: 12    Int: 27    God:    Makhleb [****..]
Gold:   461        SH:  0    Dex: 12    Spells: 13/23 levels left

rFire   . . .      SeeInvis +   u - +5 trident "Qeshrol" {flame, rC+ rCorr Stlth+}
rCold   + . .      Faith    .   (no shield)
rNeg    . . .      Spirit   .   a - +0 robe
rPois   .          Reflect  .   (no helmet)
rElec   +          Harm     .   (no cloak)
rCorr   +          Rampage  .   (no gloves)
Will    .....                   w - +1 pair of boots of the Shrike {rElec Dex-2 Slay+6 SInv}
Stlth   +++.......              j - amulet of regeneration
HPRegen 1.01/turn               i - ring of resist corrosion
MPRegen 0.17/turn               z - +6 ring of intelligence

@: no status effects
A: hooves 2, thin metallic scales 1, powered by death 2
a: Renounce Religion, Minor Destruction, Lesser Servant of Makhleb, Major
Destruction


You were on level 9 of the Dungeon.
You worshipped Makhleb.
Makhleb was greatly pleased with you.
You visited 2 branches of the dungeon, and saw 10 of its levels.

You collected 461 gold pieces.

Inventory:

Hand Weapons
 u - the +5 trident "Qeshrol" (weapon) {flame, rC+ rCorr Stlth+}
   (You found it on level 5 of the Dungeon)

   It burns those it strikes, dealing additional fire damage.
   rC:        It protects you from cold.
   rCorr:     It protects you from acid and corrosion.
   Stlth:     It makes you more stealthy.
 v - a +4 short sword
Armour
 a - a +0 robe (worn)
 w - the +1 pair of boots of the Shrike (worn) {rElec Dex-2 Slay+6 SInv}
   (You found it on level 6 of the Dungeon)

   Dex:       It affects your dexterity (-2).
   Slay:      It affects your accuracy & damage with ranged weapons and melee
   (+6).
   rElec:     It insulates you from electricity.
   SInv:      It lets you see invisible.
Jewellery
 i - a ring of resist corrosion (left hand)
 j - an amulet of regeneration (around neck)
 z - a +6 ring of intelligence (right hand)
 D - a ring of ice
Wands
 k - a wand of iceblast (8)
 p - a wand of flame (39)
 C - a wand of digging (4)
Scrolls
 c - a scroll of poison
 f - a scroll of teleportation
 m - 3 scrolls of enchant weapon
 o - a scroll of fear
 q - a scroll of blinking
 r - 3 scrolls of immolation
 y - a scroll of magic mapping
 B - a scroll of enchant armour {unknown}
 E - a scroll of acquirement {unknown}
 F - a scroll of amnesia {unknown}
Potions
 b - 4 potions of magic
 d - a potion of lignification
 e - 4 potions of curing
 g - a potion of attraction {unknown}
 h - 3 potions of mutation
 l - 2 potions of heal wounds
 n - a potion of resistance {unknown}
 s - 2 potions of degeneration {unknown}
 t - a potion of haste {unknown}
 x - a potion of cancellation {unknown}
 A - a potion of invisibility {unknown}


   Skills:
 + Level 2.6 Fighting
 + Level 0.6 Short Blades
 + Level 4.0 Polearms
 + Level 2.7 Dodging
 + Level 3.7 Stealth
 + Level 7.3 Spellcasting
 + Level 4.6 Transmutations
 + Level 2.6 Air Magic
 + Level 7.9 Poison Magic
 * Level 9.0 Invocations
 + Level 1.1 Evocations


You had 13 spell levels left.
You knew the following spells:

 Your Spells              Type           Power      Damage    Failure   Level
a - Sting                 Tmut/Pois      100%       1d8       1%          1
b - Poisonous Vapours     Pois/Air       76%        N/A       1%          2
c - Mephitic Cloud        Conj/Pois/Air  28%        N/A       4%          3
d - Olgreb's Toxic Radia  Pois           51%        N/A       2%          4

Your spell library contained the following spells:

 Spells                   Type           Power      Damage    Failure   Level
 Apportation              Tloc           18%        N/A       6%          1
 Necrotise                Necr           36%        1d5       6%          1
 Summon Small Mammal      Summ           36%        N/A       6%          1
 Call Canine Familiar     Summ           9%         N/A       17%         3
 Portal Projectile        Hex/Tloc       18%        N/A       17%         3
 Stone Arrow              Conj/Erth      18%        3d8       17%         3
 Animate Armour           Summ/Erth      18%        N/A       50%         4
 Animate Dead             Necr           9%         N/A       50%         4
 Leda's Liquefaction      Hex/Erth       4%         N/A       50%         4
 Borgnjor's Vile Clutch   Necr/Erth      4%         N/A       85%         5
 Summon Forest            Summ/Tloc      4%         N/A       85%         5
 Summon Mana Viper        Hex/Summ       9%         N/A       85%         5
 Death Channel            Necr           4%         N/A       100%        6
 Summon Cactus Giant      Summ           4%         N/A       100%        6
 Haunt                    Necr/Summ      4%         N/A       100%        7
 Infestation              Necr           4%         N/A       100%        8
 Lehudib's Crystal Spear  Conj/Erth      4%         10d3      100%        8


Dungeon Overview and Level Annotations

Branches:
Dungeon (9/15)             Temple (1/1) D:4
   Lair: D:8-11         Orc: D:9-12

Altars:
Ashenzari
Cheibriados
Dithmenos
Fedhas
Gozag
Hepliaklqana
Kikubaaqudgha
Makhleb
Nemelex Xobeh
Okawaru
Qazlal
Ru
Sif Muna
Trog
Uskayaw
Vehumet
Wu Jian
Xom
Yredelemnul

Shops:
D:1 *   D:5 [

Annotations:
D:6 exclusion: oklob plant


Innate Abilities, Weirdness & Mutations

You have hoof-like feet.
You are partially covered in thin metallic scales. (AC +2)
You regenerate health from kills.


Message History

You kill the kobold demonologist!
Makhleb accepts your kill.
Your Polearms skill increases to level 4!
Your Invocations skill increases to level 9!
You now have 461 gold pieces (gained 19).
Things that are here:
a +0 dagger; a +0 robe
There is a stone staircase leading up here.
F - a scroll labelled YMO DATUDA
Found 17 gold pieces.
A two-headed ogre comes into view.
It is wielding a +0 giant club and a +0 giant spiked club.
The two-headed ogre shouts in stereo!
You hear a shout!
Casting: Sting (safe; 1% risk of failure)
Confirm with . or Enter, or press ? or * to list all spells.
You begin to radiate toxic energy.
The two-headed ogre is poisoned.
The two-headed ogre looks even sicker.
Reach: u) +5 trident "Qeshrol" {flame, rC+ rCorr Stlth+}
Press: ? - help, Dir - move target, f - two-headed ogre
Aim: a two-headed ogre, wielding a +0 giant club and a +0 giant spiked club (lightly wounded, very poisoned, about 19% to evade the +5 trident "Qeshrol")
You reach to attack!
You barely miss the two-headed ogre.
The two-headed ogre is lightly wounded.
The two-headed ogre looks even sicker.
You hit the two-headed ogre. You burn the two-headed ogre.
The two-headed ogre is moderately wounded.
Your toxic aura wanes.
The phantom hits you.
The two-headed ogre hits you with a +0 giant club!!
The two-headed ogre hits you with a +0 giant spiked club!!
* * * LOW HITPOINT WARNING * * *
You feel much better. The phantom hits you.
The phantom blinks!
You blink.
You miss the phantom. The phantom barely misses you.
You puncture the phantom! You burn the phantom.
The phantom is severely damaged.
The phantom hits you but does no damage.
You puncture the two-headed ogre! You burn the two-headed ogre.
The two-headed ogre is severely wounded.
The phantom misses you.
The two-headed ogre hits you with a +0 giant club!
The two-headed ogre hits you with a +0 giant spiked club!!
You die...

#..... ##........
##......... ...
##.......... ...#
##........... ....
##............ ....
##............. ....
##......W....... >...
##<.....O@....... #...
#.).........Z....... #...
##..................###.Z.
##................!......
##...................Z..
##.....................
......................
#.##.....$............# #.
####### #.......#


You could see a two-headed ogre (very poisoned), a phantom and an orc zombie.

Vanquished Creatures
  A kobold demonologist (D:9)
  A hornet (D:7)
  Grinder (D:6)
  Prince Ribbit (D:7)
  9 yaks
  The ghost of Fractals the Trooper, an amateur KoBe of Trog (D:4)
  An acid dragon (D:9)
  4 water moccasins
  2 orc warriors
  A sky beast (D:6)
  An ice beast (D:7)
  6 ogres
  2 centaurs
  A kobold brigand (D:6)
  6 scorpions
  3 bullfrogs
  3 wights (D:6)
  3 electric eels (D:3)
  7 howler monkeys
  3 jellies
  5 orc priests
  3 hounds
  An iguana (D:6)
  5 orc wizards
  6 gnolls
  5 adders
  An ufetubus (D:5)
  3 worms
  2 dart slugs
  29 orcs
  4 endoplasms
  5 giant cockroaches
  7 goblins
  2 hobgoblins
  8 jackals
  9 kobolds
  5 quokkas
  5 ball pythons
  2 bats (D:1)
  4 frilled lizards
  4 rats
172 creatures vanquished.

Vanquished Creatures (others)
  A fungus (D:6)
  12 plants
  10 toadstools (D:6)
23 creatures vanquished.

Grand Total: 195 creatures vanquished

Notes
Turn   | Place    | Note
-------+----------+-------------------------------------------
     0 | D:1      | gelatine the Demonspawn Venom Mage began the quest for the
                  | Orb.
     0 | D:1      | Reached XP level 1. HP: 13/13 MP: 3/3
   458 | D:1      | Reached skill level 1 in Transmutations
   668 | D:1      | Gained mutation: You have large cloven feet. [demonic
                  | ancestry]
   668 | D:1      | Reached XP level 2. HP: 19/19 MP: 3/5
   789 | D:1      | Found Yceckack's General Store.
  1391 | D:1      | Found a faded altar of an unknown god.
  1394 | D:1      | Prayed at the altar of an unknown god.
  1394 | D:1      | Became a worshipper of Makhleb the Destroyer
  1394 | D:1      | Reached * piety under Makhleb
  1570 | D:2      | Reached XP level 3. HP: 24/24 MP: 4/6
  2542 | D:3      | Found a broken altar of Ashenzari.
  2649 | D:3      | Found a transporter.
  2658 | D:3      | Gained mutation: You have hoof-like feet. [demonic
                  | ancestry]
  2658 | D:3      | Reached XP level 4. HP: 28/30 MP: 1/8
  2965 | D:3      | Found a transporter.
  3543 | D:3      | Gained mutation: You regenerate a little health from kills.
                  | [demonic ancestry]
  3543 | D:3      | Reached XP level 5. HP: 35/35 MP: 9/9
  3546 | D:3      | Reached skill level 1 in Invocations
  3673 | D:4      | Learned a level 2 spell: Poisonous Vapours
  3677 | D:4      | Learned a level 3 spell: Mephitic Cloud
  3682 | D:4      | Learned a level 4 spell: Olgreb's Toxic Radiance
  3832 | D:4      | Found a runed translucent door.
  3839 | D:4      | Reached skill level 2 in Invocations
  3839 | D:4      | Gained mutation: You regenerate health from kills. [demonic
                  | ancestry]
  3839 | D:4      | Reached XP level 6. HP: 29/42 MP: 3/11
  3902 | D:4      | Noticed Fractals's ghost (amateur KoBe)
  3913 | D:4      | Reached ** piety under Makhleb
  4119 | D:4      | Found a staircase to the Ecumenical Temple.
  4130 | Temple   | Entered the Ecumenical Temple
  4284 | D:4      | Found a shadowy altar of Dithmenos.
  4291 | D:4      | Reached skill level 5 in Poison Magic
  4625 | D:4      | Reached skill level 3 in Invocations
  4629 | D:4      | Reached XP level 7. HP: 47/47 MP: 5/12
  4807 | D:4      | Reached skill level 1 in Air Magic
  4966 | D:4      | Killed Fractals's ghost
  4993 | D:5      | Entered Level 5 of the Dungeon
  4999 | D:5      | Identified the +5 trident "Qeshrol" {flame, rC+ rCorr
                  | Stlth+}
  5039 | D:5      | Found Kumaniun's Armour Shop.
  5282 | D:5      | Reached skill level 4 in Invocations
  5743 | D:5      | Gained mutation: You are partially covered in thin metallic
                  | scales. (AC +2) [demonic ancestry]
  5743 | D:5      | Reached XP level 8. HP: 53/53 MP: 6/14
  6230 | D:6      | Reached *** piety under Makhleb
  6231 | D:6      | Reached skill level 1 in Polearms
  6235 | D:6      | Reached skill level 5 in Invocations
  6239 | D:6      | Reached skill level 1 in Fighting
  6445 | D:6      | Reached skill level 5 in Spellcasting
  6798 | D:6      | Identified the +1 pair of boots of the Shrike {rElec Dex-2
                  | Slay+6 SInv}
  6933 | D:6      | Found a hide-covered altar of Uskayaw.
  6978 | D:6      | Reached skill level 6 in Invocations
  6978 | D:6      | Reached skill level 1 in Evocations
  7014 | D:6      | Noticed Grinder
  7022 | D:6      | Killed Grinder
  7023 | D:6      | Reached XP level 9. HP: 48/59 MP: 13/17
  7054 | D:6      | Found an ancient bone altar of Kikubaaqudgha.
  7333 | D:6      | Found a blossoming altar of Fedhas.
  7346 | D:6      | Noticed an oklob plant
  7986 | D:7      | Reached skill level 7 in Invocations
  8333 | D:7      | Noticed Prince Ribbit
  8340 | D:7      | Killed Prince Ribbit
  8807 | D:8      | Reached skill level 8 in Invocations
  8808 | D:8      | Reached **** piety under Makhleb
  8809 | D:8      | Reached XP level 10. HP: 67/67 MP: 8/20
  9372 | D:8      | Found a shimmering blue altar of Sif Muna.
  9951 | D:9      | Reached skill level 9 in Invocations
  9963 | D:9      | Noticed a two-headed ogre
  9973 | D:9      | Slain by a two-headed ogre

Illustrated notes

Levels and vault maps discovered:
D:1:      tarquinn_simple_flora_water_c, layout_loops_corners,
          shapermc_ecumenical_altar_hornbeckon, serial_shops,
          nicolae_shop_hallway_plus, serial_glass, glass_columns_b,
          glass_columns_b, item_on_display_a, item_on_display_a, feat_on_display
D:2:      layout_basic, st_stairs_9, chequers_serial_rivers_large_b
D:3:      gammafunk_steamed_eel, layout_basic, evilmike_ruin_ashenzari
D:4:      layout_basic, grunt_dithmenos_smoke, minmay_temple_entry_hall,
          ebering_ghost_reflecting_pool
D:5:      layout_basic, serial_shops, nicolae_shop_trees, nrook_campfire
D:6:      layout_cave_pods, nicolae_overflow_hidden_temple,
          kiku_gazebo_pond_becter, tgw_fedhas, uniq_grinder
D:7:      layout_basic, uniq_prince_ribbit1
D:8:      layout_gridville, tgw_sif, minivault_26
D:9:      layout_big_octagon, demons_altar, zombieorc2_lemuel
Temple:   nicolae_temple_superstar

Skill      XL: |  1  2  3  4  5  6  7  8  9 10 |
---------------+-------------------------------+-----
Transmutations | 1 2 3 4 |  4.6
Stealth        | 2 3 |  3.7
Poison Magic   | 4 5 6 7 |  7.9
Invocations    | 2 3 4 6 8 9 |  9.0
Spellcasting   | 3 4 5 6 7 |  7.3
Air Magic      | 1 2 |  2.6
Polearms       | 2 3 4 |  4.0
Fighting       | 1 2 |  2.6
Evocations     | 1 |  1.1
Dodging        | 2 |  2.7
Short Blades   | |  0.6

Action                   |  1- 3 |  4- 6 |  7- 9 | 10-12 || total
-------------------------+-------+-------+-------+-------++-------
Melee: Short sword       |     5 |       |       |       ||     5
       Unarmed           |     4 |       |       |       ||     4
       Dagger            |    27 |     7 |    16 |       ||    50
       Kick              |     5 |     3 |    19 |       ||    27
       Trident           |       |       |   122 |    53 ||   175
       Punch             |       |       |     1 |       ||     1
 Cast: Sting             |    68 |    56 |    65 |    12 ||   201
       Poisonous Vapours |       |     7 |    27 |       ||    34
       Olgreb's Toxic Ra |       |     4 |    17 |     9 ||    30
       Mephitic Cloud    |       |       |     3 |       ||     3
Evoke: Wand              |       |     9 |     6 |       ||    15
  Use: Scroll            |       |       |    10 |     2 ||    12
       Potion            |       |       |       |     2 ||     2
 Stab: Sleeping          |     2 |       |     1 |       ||     3
       Confused          |       |       |     1 |       ||     1
Armor: Robe              |     4 |     3 |    16 |    25 ||    48
Dodge: Dodged            |    28 |    14 |    57 |    58 ||   157
